[Event "FIDE Womens Grand Prix-I 2022-23"]
[Site "Nur-Sultan"]
[Date "2022.09.19"]
[Round "2.1"]
[White "Shuvalova, Polina"]
[Black "Paehtz, Elisabeth"]
[Result "1-0"]
[ECO "B83"]
[WhiteElo "2510"]
[BlackElo "2484"]
[Annotator "TA"]
[PlyCount "80"]
[EventDate "2022.09.15"]
[EventType "tourn"]
[EventCountry "KAZ"]
[SourceTitle "playchess.com"]
[Source "ChessBase"]
[SourceQuality "1"]
[TimeControl "40/5400+30:1800+30"]

1. e4 c5 2. Nf3 e6 3. d4 cxd4 4. Nxd4 Nc6 5. Nc3 d6 6. Be3 Nf6 7. Be2 Be7 8. O-O O-O 9. f4 e5 10. Nxc6 bxc6 {[%emt 0:00:09] RECAPT} 11. Qd2 {[%emt 0:00:09] CPLX 2.3 5 (Kg1-h1) (=5). B83: Sicilian Scheveningen: 6 Be2, lines without ...a6.} exf4 12. Rxf4 {[%emt 0:17:06] RECAPT} Be6 {[%emt 0:01:13] [#] CPLX 2.5 10 (Rf8-e8) (=3)} 13. Rff1 $146 {[%emt 0:01:54] CPLX 2.6 12 (b2-b3) (=6). The position is equal.} ({Predecessor:} 13. Bd4 Nd7 14. Rff1 Ne5 15. Rad1 Bg5 16. Be3 Bxe3+ 17. Qxe3 Qc7 18. b3 Rad8 19. Rd2 {0-1 (41) Dzhumaev,M (2487)-Zhou,W (2569) Kuala Lumpur 2010}) 13... Re8 {[%emt 0:13:25] CPLX 2.5 9 (Nf6-g4) (=5)} 14. h3 {[%emt 0:03:34] CPLX 2.5 17 (Be3-d4) (=9)} (14. Bd4 {with more complications.} Ng4 15. b3 Bg5 16. Qd3) 14... Nd7 {[%emt 0:04:11] CPLX 2.5 20 (Ra8-b8) (=8)} 15. Nd1 {[%emt 0:02:14] CPLX 2.5 24 (Ra1-d1) (=12)} Ne5 {[%emt 0:02:19] CPLX 2.6 13 (a7-a5) (=9)} 16. Nf2 {[%emt 0:01:05] CPLX 2.6 25 (Nd1-c3) (=14)} a5 {[%emt 0:24:43][%cal Ba7a5,Ba5a4][%mdl 32] CPLX 2.4 5 (Ne5-c4) (=8)} 17. b3 {[%emt 0:02:54] BESTDEEP} a4 {[%emt 0:00:54] CPLX 2.5} 18. Bd4 {[%emt 0:08:00] MISS-Nf2-d3 31 (Nf2-d3) (=14)} c5 {[%emt 0:09:12] BESTDEEP} 19. Bc3 {[%emt 0:01:40] CPLX 3.0} Bg5 {[%emt 0:01:44] EASY} 20. Qd1 {[%emt 0:03:00] CPLX 3.2 32 (Qd2-e1) (=15)} Qb6 {[%emt 0:04:55] Against Bb5. CPLX 2.7 16 (c5-c4) (=7)} 21. Kh1 {[%emt 0:01:01] CPLX 2.8} Be3 {[%emt 0:06:31] RELBLUND 70 (c5-c4) (=12)} (21... c4 $17 22. Bxe5 dxe5 23. Bxc4 Bxc4 24. bxc4 Rac8) 22. bxa4 $11 {[%emt 0:03:07] BESTDEEP} Bd4 {[%emt 0:10:05] CPLX 3.1 16 (Ne5-c4) (=12)} ({Don't do} 22... Rxa4 23. Rb1 Qa7 24. Bb5 $16) 23. Rb1 {[%emt 0:02:12] CPLX 3.3} Qa7 {[%emt 0:01:06] CPLX 3.7} 24. Bxd4 {[%emt 0:00:16] EASY} cxd4 {[%emt 0:00:03] RECAPT} 25. Bb5 {[%emt 0:06:43] CPLX 2.7} Rec8 {[%emt 0:01:25] CPLX 2.9} 26. Rb4 {[%emt 0:02:18] CPLX 2.7} Bc4 {[%emt 0:02:10] CPLX 2.8 31 (Ne5-c6) (=11)} 27. Nd3 {[%emt 0:02:33] CPLX 3.2} Bxa2 {[%emt 0:02:51] CPLX 3.2 32 (Bc4-e6) (=12)} 28. Rf2 {[%emt 0:03:10] Strongly threatening Nxe5. CPLX 3.0 41 (Qd1-a1) (=10)} Be6 {[%emt 0:02:55] CPLX 3.0 0 (Ne5-c6) (=12)} 29. Rd2 {[%emt 0:01:15] BESTDEEP} Rc3 {[%emt 0:05:09] RELBLUND 71 (Ra8-b8) (=15)} (29... Rab8 $11 {remains equal.}) 30. Nf4 $16 {[%emt 0:03:16] CPLX 3.0} d3 {[%emt 0:00:19] CPLX 3.1 44 (Ne5-c6) (=16)} 31. cxd3 {[%emt 0:01:56] CPLX 3.5} ({Resist} 31. Nxd3 h6 $14) 31... Qe3 {[%emt 0:00:52] CPLX 3.2} 32. Nxe6 {[%emt 0:00:30] CPLX 3.7} fxe6 {[%emt 0:00:30] RECAPT} 33. Rb1 {[%emt 0:02:28] CPLX 2.9} Rf8 {[%emt 0:00:45] CPLX 2.8 60 (g7-g6) (=17)} (33... g6 $16 {was worth a try.} 34. d4 Nf7) 34. Qe1 {[%emt 0:01:05] CPLX 2.7 53 (a4-a5) (=10)} (34. a5 $18) 34... Qf4 {[%emt 0:00:52] CPLX 3.3 78 (Qe3xe1) (=19)} (34... Qxe1+ $16 {was called for.} 35. Rxe1 Rf7) 35. Re2 {[%emt 0:02:43] CPLX 3.2 105 (a4-a5) (=14)} (35. a5 $18) 35... Ra3 {[%emt 0:00:34] [#] CPLX 3.4=>BLUNDERREACT} 36. Qd2 {[%emt 0:01:46] MISSDEEP-a4-a5 79 (a4-a5) (=16)} (36. a5 $1 $16) 36... Qg3 $1 $14 {[%emt 0:00:28][%cal Re5d3] DEEPSTRONG} 37. Re3 {[%emt 0:01:02] MISSDEEP-Rb1-d1 64 (Rb1-d1) (=18)} (37. Rd1 $16) 37... Qf4 $2 {[%emt 0:00:32] [#] RELBLUND 160 (Rf8-f2) (=23)} (37... Rf2 $1 $11 {and Black stays safe.} 38. Rxg3 Rxd2) 38. Rbe1 $1 $18 {[%emt 0:00:24] BESTDEEP} Rf6 $2 {[%emt 0:00:16] MISSDEEP-Rf8-b8 400 (Rf8-b8) (=36)} (38... Rb8 $16 39. Qe2 (39. d4 Rxb5 40. dxe5 Rbb3 $11) 39... Ng6) 39. Qc1 {[%emt 0:01:27] BESTDEEP} Ra2 {[%emt 0:00:31] aiming for ...h5. CPLX 3.5} 40. Qc8+ {[%emt 0:00:16] EASY} Kf7 {[%emt 0:00:00] Weighted Error Value: White=0.17 (very precise) /Black=0.38} 1-0

[Event "FIDE Womens Grand Prix-I 2022-23"]
[Site "Nur-Sultan"]
[Date "2022.09.19"]
[Round "2.2"]
[White "Zhu, Jiner"]
[Black "Wagner, Dinara"]
[Result "1-0"]
[ECO "B55"]
[WhiteElo "2464"]
[BlackElo "2341"]
[Annotator "TA"]
[PlyCount "81"]
[EventDate "2022.09.15"]
[EventType "tourn"]
[EventCountry "KAZ"]
[SourceTitle "playchess.com"]
[Source "ChessBase"]
[SourceQuality "1"]
[TimeControl "40/5400+30:1800+30"]

1. e4 c5 2. Nf3 d6 3. d4 cxd4 4. Nxd4 Nf6 5. f3 e5 6. Nb3 d5 7. Bg5 Be6 8. Bxf6 gxf6 9. exd5 Qxd5 10. Qxd5 Bxd5 11. Nc3 Be6 $1 {[%emt 0:09:40] CPLX 2.3} 12. O-O-O {[%emt 0:00:11][%cal Ba1d1,Bd1d5,Bd5b5,Bb5b4][%mdl 32] BESTDEEP. B55: Sicilian: 2...d6 3 d4 cxd4 4 Nxd4 Nf6 5 f3.} Nd7 {[%emt 0:08:19] CPLX 2.3 10 (Nb8-c6) (=5)} 13. Nb5 $1 {[%emt 0:00:15] DEEPSTRONG} Bh6+ {[%emt 0:03:11] CPLX 2.5} 14. Kb1 {[%emt 0:00:06] EASY. White is slightly better.} Ke7 {[%emt 0:00:50] CPLX 2.6} 15. Nc7 {[%emt 0:00:15] CPLX 3.3} Rac8 {[%emt 0:05:03] CPLX 3.6 8 (Ra8-d8) (=4)} 16. Nd5+ {[%emt 0:00:09] CPLX 3.9} Bxd5 {[%emt 0:04:36] EASY} 17. Rxd5 {[%emt 0:00:09] RECAPT} Nb6 {[%emt 0:02:24] CPLX 2.0 0 (Bh6-e3) (=3)} 18. Rb5 {[%emt 0:06:31] CPLX 2.2} Rc7 {[%emt 0:08:10] CPLX 2.1 27 (Bh6-e3) (=6)} 19. Bd3 {[%emt 0:00:52] [#] CPLX 2.1} Nc8 $146 {[%emt 0:07:42] CPLX 2.1 0 (Bh6-e3) (=5)} ({Predecessor:} 19... Be3 20. Re1 Bf2 21. Re2 a6 22. Rb4 Nd5 23. Rc4 Bg1 24. Rxc7+ Nxc7 25. g3 h5 26. f4 Ne6 27. Nd2 {½-½ (27) Sievers,S (2375)-Wilhelmi,C (2315) Hamburg 1995}) 20. Re1 {[%emt 0:00:31] BESTDEEP} Nd6 {[%emt 0:07:23] CPLX 2.2 21 (Ke7-d8) (=7)} 21. Rb4 {[%emt 0:00:15] CPLX 2.5 16 (Rb5-d5) (=2)} (21. Rd5 {feels hotter.} b6 22. Nd4 Bg5 23. c3) 21... Kf8 {[%emt 0:05:54] CPLX 2.2 2 (Bh6-g7) (=6)} 22. a4 {[%emt 0:09:00] BESTDEEP} Bg5 {[%emt 0:01:58] [#] CPLX 2.1 29 (Kf8-g7) (=8)} 23. g3 $1 {[%emt 0:01:44] DEEPSTRONG} Re7 {[%emt 0:08:41] CPLX 2.2 28 (b7-b6) (=10)} 24. h4 {[%emt 0:08:38] CPLX 2.1 31 (a4-a5) (=4)} Bh6 {[%emt 0:00:28] EASY} 25. Rd1 {[%emt 0:00:11] CPLX 2.0 54 (a4-a5) (=7)} (25. a5 $16) 25... Rd7 {[%emt 0:14:57] [#] White leaves nothing to chance now. RELBLUND 94 (Bh6-e3) (=15)} (25... Be3 $14) 26. Bf5 $1 $36 {[%emt 0:15:58][%mdl 2560] Keeping Black busy. CPLX 2.0} Rd8 {[%emt 0:00:03] EASY} 27. Na5 {[%emt 0:00:59][%cal Bb3a5,Ba5c6,Bc6e7,Be7f5,Bf5d6][%mdl 32] White is much more active. CPLX 2.7 14 (Nb3-c5) (=7)} Ke8 {[%emt 0:02:21] [#] MISSDEEP-Kf8-g7 53 (Kf8-g7) (=16)} (27... Kg7 $16) 28. Rxd6 $1 $18 {[%emt 0:01:26][%mdl 512] BESTDEEP} Rxd6 {[%emt 0:00:05] RECAPT} 29. Rxb7 {[%emt 0:00:05] EASY} a6 {[%emt 0:02:39] [#] CPLX 2.9 78 (Ke8-f8) (=18)} (29... Kf8 $16 {was necessary.}) 30. Nc6 $1 {[%emt 0:04:36][%mdl 1536] White wants to mate with Rb8+. White has strong compensation. CPLX 2.9} Kf8 {[%emt 0:00:39] [#] CPLX 3.3} 31. Ne7 {[%emt 0:00:49] CPLX 2.9} Be3 {[%emt 0:01:56] CPLX 2.8 42 (Rd6-d1) (=19)} 32. Be4 {[%emt 0:00:18] Strongly threatening Nf5. BESTDEEP} Rb6 {[%emt 0:00:34] ...Rxb7 is the strong threat. BESTDEEP} 33. Rc7 {[%emt 0:00:47] And now Nf5 would win. CPLX 3.1} Rb8 {[%emt 0:00:43] BESTDEEP} 34. Nf5 {[%emt 0:01:33] BESTDEEP} Bb6 {[%emt 0:00:27] CPLX 3.3} 35. Rd7 {[%emt 0:00:14] Black must now prevent Bd5. BESTDEEP} Bd4 $2 {[%emt 0:00:23] CPLX 2.8 274 (h7-h5) (=27)} (35... h5 36. Nd6 Bc5 37. Rxf7+ Kg8) 36. b3 {[%emt 0:01:15] MISSDEEP-Be4-d5 241 (Be4-d5) (=14)} (36. Nxd4 exd4 37. Bd5 (37. Rxd4 Ke7 $16) 37... Ke8 38. Rxf7 Rd8 $18) 36... h5 {[%emt 0:00:38] BESTDEEP} 37. Nd6 {[%emt 0:00:14] BESTDEEP} ({Weaker is} 37. Nxd4 exd4 38. Ra7 (38. Rxd4 Ke7 $14) 38... Rg8 $16) 37... Bc5 {[%emt 0:00:31] CPLX 3.1 65 (Rb8-b6) (=27)} 38. Rxf7+ {[%emt 0:01:19] EASY} Kg8 {[%emt 0:00:01] aiming for ...Rb6. LEGAL} 39. Rxf6 {[%emt 0:00:13] Hoping for Nf5. CPLX 3.2 77 (Be4-d5) (=15)} Rd8 {[%emt 0:00:54] CPLX 3.0 108 (Rb8-b6) (=29)} (39... Rb6 $142) 40. Nf5 {[%emt 0:03:55] BESTDEEP} a5 {[%emt 0:00:07] CPLX 2.9 4 (Bc5-f8) (=28)} 41. Bd3 {[%emt 0:32:12] Weighted Error Value: White=0.14 (very precise) /Black=0.35} 1-0

[Event "FIDE Womens Grand Prix-I 2022-23"]
[Site "Nur-Sultan"]
[Date "2022.09.19"]
[Round "2.3"]
[White "Abdumalik, Zhansaya"]
[Black "Tan, Zhongyi"]
[Result "1/2-1/2"]
[ECO "C45"]
[WhiteElo "2495"]
[BlackElo "2525"]
[Annotator "TA"]
[PlyCount "78"]
[EventDate "2022.09.15"]
[EventType "tourn"]
[EventCountry "KAZ"]
[SourceTitle "playchess.com"]
[Source "ChessBase"]
[SourceQuality "1"]
[TimeControl "40/5400+30:1800+30"]

1. e4 e5 2. Nf3 Nc6 3. d4 exd4 4. Nxd4 Nf6 5. Nxc6 bxc6 6. e5 Qe7 7. Qe2 Nd5 8. c4 Nb6 9. Nc3 a5 {[%emt 0:01:30] CPLX 2.1 6 (Bc8-b7) (=6)} 10. h4 {[%emt 0:06:30] CPLX 2.1 27 (f2-f4) (=27). C45: Scotch Game.} a4 {[%emt 0:04:35] CPLX 2.1 10 (Qe7-e6) (=8)} 11. Bg5 {[%emt 0:09:19] [#] CPLX 2.1 18 (Qe2-e4) (=23)} Qe6 $146 {[%emt 0:00:12] BESTDEEP} ({Predecessor:} 11... Qc5 12. O-O-O Ba6 13. Qg4 h6 14. Be3 Qe7 15. c5 Nc8 16. Qxa4 Bb7 17. Qb4 Ra7 {1-0 (29) Zivic,D (2209)-Starosta,M (2079) Chess.com INT 2020}) 12. Rh3 {[%emt 0:03:28] RELBLUND 68 (0-0-0) (=38)} (12. O-O-O $11) 12... Ba6 $17 {[%emt 0:01:43][%cal Rb6c4] BESTDEEP} 13. b3 {[%emt 0:04:58] EASY} Bb4 {[%emt 0:00:46][%cal Oe6h3] CPLX 2.9 10 (Ba6-c8) (=5)} 14. Re3 {[%emt 0:13:06] RELBLUND 145 (Rh3-g3) (=52)} (14. Rg3 $15) 14... O-O {[%emt 0:00:47] CPLX 3.0 123 (h7-h6) (=25)} (14... h6 $19 15. Bf4 Qf5) 15. Rc1 {[%emt 0:09:29] DEEPSTRONG=>BLUNDERREACT} axb3 {[%emt 0:14:39] CPLX 3.3 0 (h7-h6) (=21)} 16. axb3 {[%emt 0:03:09] RECAPT} Bb7 {[%emt 0:07:36] BESTDEEP} 17. Qc2 {[%emt 0:07:38] CPLX 3.0 5 (Qe2-h5) (=33)} h6 {[%emt 0:17:03] CPLX 3.3 53 (Bb4-c5) (=22)} (17... Bc5 $17 18. Re2 Ba3) 18. Bf4 $15 {[%emt 0:02:24] EASY} Bc5 {[%emt 0:00:09] CPLX 3.2 33 (Rf8-e8) (=24)} 19. Rg3 {[%emt 0:11:41] [#] MISSDEEP-Re3-e2 81 (Re3-e2) (=34)} (19. Re2 $15) 19... Bd4 {[%emt 0:05:44] RELBLUND 122 (d7-d6) (=32)} ({Black should try} 19... d6 $1 $17 {And now ...Nd7 would win.} 20. Be2 dxe5) 20. Qe4 $11 {[%emt 0:03:09] EASY} Bxc3+ {[%emt 0:00:06] EASY} 21. Rgxc3 {[%emt 0:01:45] RECAPT} d5 {[%emt 0:00:18] CPLX 2.9} 22. cxd5 $40 {[%emt 0:06:55][%mdl 128] White is up to no good. CPLX 3.4} Nxd5 {[%emt 0:00:12] RECAPT} (22... cxd5 23. Qd4 $16) 23. Rg3 {[%emt 0:00:52] CPLX 3.8 33 (Rc3-c5) (=27)} (23. Bd3 $2 f5 24. Qd4 Nxc3 25. Qxc3 Ba6 26. Bxa6 Rxa6 $17) 23... Rfe8 {[%emt 0:05:31] CPLX 4.5} 24. Bc4 {[%emt 0:01:33] EASY} Ba6 {[%emt 0:01:06] CPLX 4.6} 25. Bxd5 {[%emt 0:01:22] CPLX 4.7 43 (Bc4xa6) (=26)} cxd5 {[%emt 0:00:08] RECAPT} 26. Qd4 {[%emt 0:00:28] CPLX 4.7} Bb5 {[%emt 0:04:24] RELBLUND 55 (Re8-e7) (=23)} (26... Re7 $17) 27. Rxc7 {[%emt 0:07:32] CPLX 4.1} Ra2 {[%emt 0:00:27] CPLX 4.8} 28. Bd2 $1 {[%emt 0:00:59] DEEPSTRONG} (28. Rc5 $2 Qa6 29. Bd2 Bf1 $19) 28... Qf5 {[%emt 0:05:38] CPLX 5.7 22 (Qe6xe5) (=22)} 29. Re3 {[%emt 0:01:05] BESTDEEP} Rc8 {[%emt 0:18:17] RELBLUND 76 (Re8-e7) (=24)} (29... Re7 $11 {keeps the balance.} 30. Rc5 Qb1+ 31. Rc1 Qg6) 30. Rxc8+ $16 {[%emt 0:00:57] EASY} Qxc8 {[%emt 0:00:06] RECAPT} 31. f3 {[%emt 0:01:57] MISS-e5-e6 68 (e5-e6) (=22)} (31. e6 $1 $14 fxe6 32. Rg3) 31... Qc2 $11 {[%emt 0:07:30] White must now prevent ...Qb1+. EASY. The position is equal.} 32. Qxd5 {[%emt 0:00:26] BESTDEEP} Qb1+ {[%emt 0:05:18] CPLX 5.2} 33. Kf2 {[%emt 0:00:05] aiming for e6. EASY} Qd1 {[%emt 0:00:32] BESTDEEP} ({Don't play} 33... Qf1+ 34. Kg3 Kh7 35. e6 (35. Re1 Qd3 $16) 35... fxe6 36. Qe4+ Kh8 {[#]} 37. Rc3 $1 $18 (37. Re1 Qd3 $16)) 34. Qxb5 {[%emt 0:02:16][%cal Oe5e6] Threatens to win with e6! EASY} Qxd2+ {[%emt 0:00:05] KQR-KQR. EASY} 35. Re2 {[%emt 0:00:11] EASY} Qd4+ {[%emt 0:00:03] EASY} 36. Kf1 {[%emt 0:00:52] BESTDEEP} Qd1+ {[%emt 0:00:51] CPLX 4.8 0 (Ra2-a1) (=18)} 37. Kf2 {[%emt 0:00:14] Strongly threatening Qe8+. EASY} Qd4+ $1 {[%emt 0:00:04] DEEPSTRONG} 38. Kf1 {[%emt 0:00:20] BESTDEEP} Qd1+ {[%emt 0:00:06] CPLX 4.8 0 (Ra2-a1) (=17)} 39. Kf2 {[%emt 0:00:06] EASY} Qd4+ $1 {[%emt 0:00:04] Weighted Error Value: White=0.23 (precise) /Black=0.21 (precise)} 1/2-1/2

[Event "FIDE Womens Grand Prix-I 2022-23"]
[Site "Nur-Sultan"]
[Date "2022.09.19"]
[Round "2.4"]
[White "Kosteniuk, Alexandra"]
[Black "Assaubayeva, Bibisara"]
[Result "0-1"]
[ECO "B92"]
[WhiteElo "2521"]
[BlackElo "2439"]
[Annotator "TA"]
[PlyCount "70"]
[EventDate "2022.09.15"]
[EventType "tourn"]
[EventCountry "KAZ"]
[SourceTitle "playchess.com"]
[Source "ChessBase"]
[SourceQuality "1"]
[TimeControl "40/5400+30:1800+30"]

1. e4 c5 2. Nf3 d6 3. d4 cxd4 4. Nxd4 Nf6 5. Nc3 a6 6. Be2 e5 7. Nb3 Be7 8. O-O O-O 9. Be3 Be6 10. Nd5 {[%emt 0:00:14] 10.Re1 gains popularity.} Nxd5 11. exd5 Bf5 {[%emt 0:00:10] CPLX 2.4} 12. Qd2 {[%emt 0:00:17] BESTDEEP. B92: Sicilian Najdorf: 6 Be2.} a5 {[%emt 0:05:18] CPLX 2.2 22 (Bf5-g6) (=11)} 13. f4 {[%emt 0:00:25] CPLX 2.3} exf4 {[%emt 0:09:30] BESTDEEP} 14. Rxf4 {[%emt 0:00:19] RECAPT. The position is equal.} Bg6 {[%emt 0:19:06] CPLX 2.7} 15. Ra4 {[%emt 0:00:37][%cal Ra4a5] BESTDEEP} Bf6 {[%emt 0:11:08] [#] CPLX 2.3} 16. Rxa5 $146 {[%emt 0:11:31] CPLX 2.4} (16. Nxa5 $2 Qe8 17. Rf4 Rxa5 $1 18. Rxf6 gxf6 $19) ({Predecessor:} 16. Bd4 Nd7 17. Rf1 Bxd4+ 18. Nxd4 Nc5 19. Ra3 Ne4 20. Qd1 Qg5 21. Nf3 Qe7 22. c4 {1-0 (45) Kazakos,E (2166)-Giannoulakis,L (2141) Kavala 2015}) 16... Rxa5 {[%emt 0:04:48] RECAPT} 17. Nxa5 {[%emt 0:00:07][%cal Bb3a5,Ba5c4,Bc4d6][%mdl 32] RECAPT} Bxb2 {[%emt 0:10:21] RELBLUND 58 (Rf8-e8) (=11)} (17... Re8 $11 {keeps the balance.}) 18. Rb1 $16 {[%emt 0:00:42] EASY} (18. Nxb7 Qe7 19. Rb1 Qxb7 $15) 18... Qf6 {[%emt 0:01:49] CPLX 2.8} 19. Nc4 {[%emt 0:13:10] CPLX 2.7} (19. Nxb7 Bc3 20. Qd1 Nd7 $11) 19... Bc3 {[%emt 0:01:40] EASY} 20. Bg5 {[%emt 0:01:07] BESTDEEP} Qf5 {[%emt 0:04:34] BESTDEEP} 21. Qxc3 {[%emt 0:07:25] CPLX 3.8} Qxg5 {[%emt 0:00:02] EASY} 22. Bf3 {[%emt 0:01:27] CPLX 2.7 41 (Qc3-d4) (=4)} (22. Nxd6 $2 Qe7 23. Nxb7 Qxe2 $19) 22... Nd7 {[%emt 0:08:24] MISS-Rf8-c8 6 (Rf8-c8) (=7)} 23. Nxd6 {[%emt 0:05:33] EASY} Ne5 {[%emt 0:02:37] CPLX 3.3} 24. Be4 {[%emt 0:11:47] CPLX 3.1 4 (Bf3-e2) (=3)} (24. Rxb7 Nxf3+ 25. Qxf3 Qc1+ 26. Kf2 (26. Qf1 Qxc2 27. Kh1 Qc5 $17) 26... Qxc2+ 27. Kg3 Rd8 $15) 24... Rd8 {[%emt 0:05:58] [#] CPLX 3.3} 25. Bxg6 {[%emt 0:10:51] RELBLUND 51 (Be4-f5) (=7)} (25. Bf5 $1 $14 Ng4 26. Bxg4 (26. Nxb7 $2 Qxf5 27. Rf1 Rc8 $19) 26... Qxg4 27. Qc7 (27. Nxb7 Rxd5 28. h3 Rd1+ 29. Rxd1 Qxd1+ 30. Kf2 h6 $11)) 25... hxg6 {[%emt 0:02:18] RECAPT 21 (Ne5xg6) (=7)} 26. Nxb7 {[%emt 0:15:59] CPLX 3.4 10 (Nd6-e4) (=7)} Rxd5 $40 {[%emt 0:00:40][%mdl 128] Black has some attack. EASY} 27. Qc8+ {[%emt 0:00:12] EASY} Kh7 {[%emt 0:00:04] EASY} 28. Qh3+ {[%emt 0:00:10] CPLX 4.8} Kg8 $1 {[%emt 0:00:10] Hoping for ...Ng4. DEEPSTRONG} 29. Qc8+ {[%emt 0:09:22] BESTDEEP} Kh7 {[%emt 0:00:04] EASY} 30. Qh3+ {[%emt 0:00:04] CPLX 4.8} Kg8 $1 {[%emt 0:00:07] ...Ng4 is the strong threat. DEEPSTRONG} 31. Qg3 {[%emt 0:02:23] RELBLUND 108 (Qh3-c8) (=11)} (31. Qc8+ $11 {remains equal.} Kh7) 31... Qd2 $17 {[%emt 0:03:46][%mdl 1024] Black has strong compensation. CPLX 2.8=>BLUNDERREACT} 32. Qf2 {[%emt 0:05:35] MISSDEEP-h2-h3 120 (h2-h3) (=16)} (32. h3 $17) 32... Qc3 $1 $19 {[%emt 0:02:32] DEEPSTRONG=>BLUNDERREACT} 33. Nd6 $2 {[%emt 0:01:11] [#] CPLX 2.4 315 (a2-a4) (=30)} (33. a4) 33... Ng4 $1 {[%emt 0:02:05] DEEPSTRONG=>BLUNDERREACT} (33... Rxd6 {gets mated.} 34. Rb8+) 34. Ne4 {[%emt 0:00:03] [#] MISS-Qf2xf7 400 (Qf2xf7) (=46)} Qc7 {[%emt 0:00:49] Against Rb8+. BESTDEEP=>BLUNDERREACT} ({Worse is} 34... Qe5 35. Qh4 $11) 35. Qb6 {[%emt 0:03:18] RELBLUND 400 (a2-a4) (=60)} Qxb6+ {[%emt 0:00:08] Weighted Error Value: White=0.72/Black=0.04 (flawless)} 0-1

[Event "FIDE Womens Grand Prix-I 2022-23"]
[Site "Nur-Sultan"]
[Date "2022.09.19"]
[Round "2.5"]
[White "Vaishali, Rameshbabu"]
[Black "Kashlinskaya, Alina"]
[Result "0-1"]
[ECO "C54"]
[WhiteElo "2449"]
[BlackElo "2504"]
[Annotator "TA"]
[PlyCount "80"]
[EventDate "2022.09.15"]
[EventType "tourn"]
[EventCountry "KAZ"]
[SourceTitle "playchess.com"]
[Source "ChessBase"]
[SourceQuality "1"]
[TimeControl "40/5400+30:1800+30"]

1. e4 e5 2. Nf3 Nc6 3. Bc4 Nf6 4. d3 Bc5 5. Bg5 h6 6. Bh4 a6 7. c3 d6 8. a4 {[%emt 0:02:59] C54: Giuoco Piano: 4 c3 Nf6, main lines with 5 d4 and 5 d3.} Ba7 9. Nbd2 g5 10. Bg3 {[%emt 0:00:05] The position is equal.} O-O 11. O-O g4 {[%emt 0:04:35] [#]} 12. Bh4 $1 {[%emt 0:16:02] next Ne1 is good for White.} Kg7 13. Kh1 {[%emt 0:02:35] [#]} (13. Ne1 $5 ) 13... Ne7 $5 $146 {[%emt 0:23:37][%mdl 8] An interesting novelty.} (13... gxf3 $11 14. Qxf3 Rg8) ({Predecessor:} 13... gxf3 14. Qxf3 Nb8 15. g4 Nbd7 16. Rg1 Rh8 17. Nf1 Qe8 18. g5 Ng8 19. gxh6+ Kf8 20. Qg3 Ngf6 21. Qg7+ Ke7 22. Rg6 Rg8 23. Bxf6+ Nxf6 24. Qxf6+ Kd7 25. Bxf7 {1-0 (25) Demchenko,A (2589)-Howell,D (2671) Gjakova 2016}) 14. Bxf6+ $16 Kxf6 15. Nh4 {[%emt 0:00:07] Black must now prevent f4.} Ng6 (15... Kg7 $14) 16. Nf5 $1 d5 17. Bxd5 Bxf5 18. exf5 Qxd5 19. fxg6 Qxd3 20. f3 (20. Qxg4 $6 Qxd2 21. f4 fxg6 $11) (20. gxf7 $16 {Threatens to win with f4.} Rxf7 21. Re1 (21. Qxg4 Qxd2 22. f4 Bf2 $16)) 20... Kxg6 $11 21. fxg4 e4 22. Qe1 Rae8 {[%emt 0:01:06] And now ...e3 would win.} 23. Rf5 (23. Qh4 $2 Qxd2 24. Rf5 Re6 $19) (23. Nb3 $11 {should be considered.}) 23... Re6 (23... e3 $17 24. Nf3 Kg7) 24. Nf1 (24. Nb3 $1 $11) 24... e3 $1 $15 25. Rd1 $2 {[%emt 0:00:40][%mdl 8192] [#]} ({White has to play} 25. Rf3 $1 $15) 25... Qc2 (25... Qxd1 $142 $3 26. Qxd1 e2) 26. Ng3 $19 e2 27. Rd7 Qxa4 {[%emt 0:01:50] Dancing on a razor blade.} (27... Qxb2 $19 {and Black stays clearly on top. Hoping for ...Qc2.} 28. h3 Qxc3 $1 29. Qxc3 e1=Q+ 30. Qxe1 Rxe1+ 31. Nf1 h5) 28. Rd2 $17 Rfe8 {[%emt 0:02:35][%cal Oa4a1,Bf8e8,Be8e4,Be4e7][%mdl 32] aiming for ...Qa1!} 29. h3 (29. Rxe2 $15 Rxe2 30. Nxe2) 29... Qc4 (29... Kg7 30. Nh5+ Kg8 31. Nf6+ Rxf6 32. Rxf6) 30. Nh5 {[%emt 0:00:25] [#]} Re3 $40 {[%emt 0:01:53][%mdl 128] Black attacks.} (30... Re4 $1 $17) 31. Rf4 (31. Kh2 $5 Bb8 32. Rf6+ (32. Rd7 c5+ 33. g3 Qe6 $11) 32... Kh7 33. Rd7 c6+ 34. g3 $11) 31... R8e4 {[%emt 0:01:40] Active counter play!} 32. Rf6+ ({Reject} 32. Rf5 Bc5 33. Rd8 Re8 $17) 32... Kh7 {[%emt 0:00:01] Strongly threatening ...Rd3.} 33. Rd7 {[%emt 0:00:23][%mdl 8192] [#]} (33. Kh2 $1 $11 {and White has nothing to worry.} Bc5 34. Rd8) 33... Re7 $1 $19 34. Rd2 (34. Rd8 R3e6 35. Rd2) 34... Rd3 {[%emt 0:01:02] ( -> ...Rxd2)} 35. Kh2 Rxd2 36. Qxd2 {[%emt 0:00:05] [#]} Bg1+ $1 37. Kh1 (37. Kxg1 e1=Q+) 37... Be3 {[%emt 0:00:03] Black mates.} 38. g5 hxg5 ({And not} 38... Bxd2 39. Rxh6+ Kg8 40. Nf6+ Kg7 41. Nh5+ Kg8 42. Nf6+ Kg7 43. Nh5+ Kg8 $11) 39. Qe1 {[%emt 0:00:25] [#]} Bd2 $1 40. Qb1+ (40. Qxd2 e1=Q+) 40... Kg8 {[%emt 0:01:29] Weighted Error Value: White=0.77/Black=0.38} 0-1

[Event "FIDE Womens Grand Prix-I 2022-23"]
[Site "Nur-Sultan"]
[Date "2022.09.19"]
[Round "2.6"]
[White "Goryachkina, Aleksandra"]
[Black "Lagno, Kateryna"]
[Result "1/2-1/2"]
[ECO "B22"]
[WhiteElo "2579"]
[BlackElo "2547"]
[Annotator "TA"]
[PlyCount "60"]
[EventDate "2022.09.15"]
[EventType "tourn"]
[EventCountry "KAZ"]
[SourceTitle "playchess.com"]
[Source "ChessBase"]
[SourceQuality "1"]
[TimeControl "40/5400+30:1800+30"]

1. e4 c5 2. Nf3 e6 3. c3 Nf6 4. e5 Nd5 5. d4 cxd4 6. cxd4 d6 7. Bc4 Be7 8. O-O O-O 9. Qe2 Nc6 10. Nc3 dxe5 11. dxe5 Nxc3 12. bxc3 Qc7 13. Bd3 b6 {[%emt 0:04:40] B22: Sicilian: 2 c3.} 14. Re1 $1 {[%emt 0:04:13] 14.Re1 is better than 14.Qe4.} Bb7 15. Ng5 Bxg5 16. Bxg5 {[%emt 0:00:06] [#] Threatens to win with Qe4.} Nxe5 17. Qxe5 Qxe5 {[%emt 0:00:05][%mdl 64] Remove Defender} 18. Rxe5 {[%emt 0:00:05] aiming for Be3.} f6 {[%emt 0:00:02] [#]} 19. Rxe6 fxg5 20. Bc4 Kh8 21. Re7 Bc6 22. h3 {[%emt 0:10:11] [#]} Rf4 $146 ({Predecessor:} 22... Rfe8 23. Rae1 a5 24. R1e6 Rxe7 25. Rxe7 Rc8 26. Ba6 Rd8 27. Rc7 Be4 28. f3 Bb1 {1-0 (73) Macieja,B (2601)-Otero Acosta,D (2459) Monterrey 2015}) 23. Be6 (23. Bb3 $14) 23... Re4 $11 {[%emt 0:06:54] The position is equal.} 24. Rd1 {[%emt 0:01:22] Against Rd8} Re8 25. Rxe8+ Bxe8 {[%emt 0:00:02] KRB-KRB} 26. Bd7 g6 27. f3 Re7 28. Bxe8 Rxe8 29. Rd7 Rc8 30. Rxa7 Rxc3 {[%emt 0:00:04] Weighted Error Value: White=0.05 (flawless) /Black=0.05 (flawless)} 1/2-1/2